 Dungeon Crawl Stone Soup version 0.24-a0-48-g0ecae65 (webtiles) character file.

Game seed: 16320085652902564822

430 Inarius the Skirmisher (level 6, -7/52 HPs)
             Began as a Mummy Monk on Feb 3, 2019.
             Mangled by Duvessa
             ... wielding a +0 rapier
              (12 damage)
             ... on level 3 of the Dungeon.
             The game lasted 00:04:51 (3818 turns).

Inarius the Skirmisher (Mummy Monk)                 Turns: 3818, Time: 00:04:51

Health: -7/52      AC:  6    Str: 16    XL:     6   Next: 66%
Magic:  6/6        EV: 11    Int:  9    God:
Gold:   166        SH:  0    Dex: 21    Spells: 4/5 levels left

rFire    x . .     SeeInvis .   l - +0 whip (venom)
rCold    + . .     Gourm    .   (no shield)
rNeg     + + +     Faith    .   m - +0 scale mail
rPois    ∞         Spirit   .   (no helmet)
rElec    .         Reflect  .   (no cloak)
rCorr    .         Harm     .   (no gloves)
MR       +....                  (no boots)
Stlth    +.........             (no amulet)
HPRegen  0.17/turn              k - +6 ring of dexterity
MPRegen  0.10/turn              g - ring of protection from magic

@: no status effects
A: no food or potions, fire vulnerability, cold resistance 1, negative energy
resistance 3, torment resistance, unbreathing
a: no special abilities


You were on level 3 of the Dungeon.
You were not hungry.

You visited 1 branch of the dungeon, and saw 4 of its levels.

You collected 166 gold pieces.

Inventory:

Hand Weapons
 l - a +0 whip of venom (weapon)
Armour
 m - a +0 scale mail (worn)
Jewellery
 c - an uncursed ring of resist corrosion
 g - a ring of protection from magic (right hand)
 j - an uncursed ring of fire
 k - a +6 ring of dexterity (left hand)
Scrolls
 a - 2 scrolls of enchant armour {unknown}
 b - 2 scrolls of fear {unknown}
 d - a scroll of identify {unknown}
 e - 2 scrolls of enchant weapon {unknown}
 f - a scroll of fog {unknown}
 h - 2 scrolls of blinking {unknown}
 i - a scroll of amnesia {unknown}


   Skills:
 + Level 6.1 Fighting
   Level 0.5 Short Blades
   Level 2.4 Axes
 + Level 3.3 Armour
 - Level 2.4 Dodging
 - Level 1.5 Stealth


You had 4 spell levels left.
You knew the following spells:

 Your Spells              Type           Power        Failure   Level  Hunger
a - Apportation           Tloc           #.....       82%         1    N/A

Your spell library contained the following spells:

 Spells                   Type           Power        Failure   Level  Hunger


Dungeon Overview and Level Annotations

Branches:
Dungeon (4/15)
 Temple: D:4-7

Altars:
Ashenzari
Gozag
Kikubaaqudgha
Nemelex Xobeh
Sif Muna
Vehumet

Annotations:
D:3 Duvessa


Innate Abilities, Weirdness & Mutations

You do not eat or drink.
Your flesh is vulnerable to fire.
You are immune to poison.
Your flesh is cold resistant. (rC+)
You are immune to negative energy. (rN+++)
You are immune to unholy pain and torment.
You can survive without breathing.


Message History

Dowan blinks!
Duvessa hits you with a +0 rapier!
Dowan's robes are whipped around by a magical breeze.
You kill Dowan!
Duvessa screams in rage.
Duvessa goes berserk!
Duvessa hits you with a +0 rapier. Duvessa hits you with a +0 rapier!
* * * LOW HITPOINT WARNING * * *
There is an escape hatch in the floor here.
You hear a shout!
There is a stone staircase leading up here.
Duvessa hits you with a +0 rapier.
* * * LOW HITPOINT WARNING * * *
Duvessa hits you with a +0 rapier.
* * * LOW HITPOINT WARNING * * *
You climb upwards.
There is a stone staircase leading down here.
Okay, then.
Duvessa misses you. Duvessa hits you with a +0 rapier!
You die...

#.###)#####.##....# #.# #.......
........###.###.#.####.###.#.###.
#.###.#.#.....#.#............###.
#.###.#.#.#####.######...........
#.#>.....##._.##.# #..##.#####.
#.#.#.####8...8#######..##.# #.
#.....##8##...##8##........# #.
...#.##...##.##...#>.......# #.
###.###_........@_#.......######.
### #...#.⌠.#..e#.###.#...)....
#8##...##8##..# ########### ##
###...###.## ###.....# #######


You could see Duvessa (berserk).

Vanquished Creatures
  Eustachio (D:4)
  An ogre (D:4)
  Dowan (D:4)
  An orc priest (D:3)
  A hound zombie (D:4)
  5 adders
  A worm (D:3)
  3 leopard geckos
  4 orcs (D:3)
  4 giant cockroaches
  5 goblins
  A hobgoblin (D:3)
  7 jackals (D:3)
  A quokka (D:3)
  6 bats
  5 frilled lizards
  6 kobolds
  7 rats
60 creatures vanquished.

Vanquished Creatures (others)
  An orc (D:3)
  2 bats
  A jackal (D:3)
4 creatures vanquished.

Grand Total: 64 creatures vanquished

Notes
Turn   | Place    | Note
-------+----------+-------------------------------------------
     0 | D:1      | Inarius the Mummy Monk began the quest for the Orb.
     0 | D:1      | Reached XP level 1. HP: 18/18 MP: 1/1
   322 | D:1      | Reached XP level 2. HP: 8/24 MP: 2/2
  1327 | D:2      | Reached skill level 4 in Fighting
  1484 | D:2      | Reached XP level 3. HP: 29/30 MP: 3/3
  1799 | D:2      | Found a shattered altar of Ashenzari.
  2192 | D:3      | Reached skill level 5 in Fighting
  2192 | D:3      | Reached XP level 4. HP: 38/39 MP: 4/4
  2691 | D:3      | Reached skill level 1 in Armour
  2992 | D:3      | Reached XP level 5. HP: 44/44 MP: 5/5
  3133 | D:3      | Found a sparkling altar of Nemelex Xobeh.
  3133 | D:3      | Found an opulent altar of Gozag.
  3263 | D:3      | Found a radiant altar of Vehumet.
  3267 | D:3      | Found an ancient bone altar of Kikubaaqudgha.
  3268 | D:3      | Found a deep blue altar of Sif Muna.
  3271 | D:3      | Identified Sif Muna's Volume of the Voyage
  3344 | D:3      | Learned a level 1 spell: Apportation
  3364 | D:4      | Noticed Eustachio
  3393 | D:4      | Killed Eustachio
  3393 | D:4      | Reached XP level 6. HP: 27/52 MP: 6/6
  3587 | D:4      | Reached skill level 6 in Fighting
  3767 | D:4      | Noticed Dowan
  3767 | D:4      | Noticed Duvessa
  3808 | D:4      | Killed Dowan
  3818 | D:3      | Mangled by Duvessa

Vault maps used:
D:1:      dpeg_arrival_rhombi, kennysheep_pointless_box, st_stairs_11, hex_tiny
D:2:      ashenzari_altar_1
D:3:      grunt_temple_overflow_opulence, grunt_temple_overflow_magic_moments,
          serial_bayou_pond_c
D:4:      minmay_wonky_spiral, uniq_duvessa, uniq_eustachio

Skill      XL: |  1  2  3  4  5  6 |
---------------+-------------------+-----
Fighting       | 4 5 6 |  6.1
Armour         | 1 2 3 |  3.3
Short Blades   | |  0.5
Axes           | |  2.4
Dodging        | |  2.4
Stealth        | |  1.5

Action                   |  1- 3 |  4- 6 || total
-------------------------+-------+-------++-------
Melee: Hand axe          |    47 |       ||    47
       Dagger            |    42 |    25 ||    67
       Whip              |       |   109 ||   109
 Stab: Sleeping          |     4 |       ||     4
Armor: Robe              |    10 |       ||    10
       Ring mail         |     6 |     3 ||     9
       Scale mail        |       |    46 ||    46
Dodge: Dodged            |    71 |    74 ||   145

Table legend:
 A = Non-vault XP
 B = Vault XP
 C = Vault XP percentage of total XP
 D = Non-vault monster count
 E = Vault monster count
 F = Vault count percentage of total count
                 A         B        C        D         E       F
            +---------+---------+-------+---------+---------+-------
      Total |     350 |     265 |  43.1 |      58 |       6 |   9.4
            +---------+---------+-------+---------+---------+-------
        D:1 |      21 |       7 |  25.0 |      13 |       4 |  23.5
        D:2 |      50 |       0 |   0.0 |       9 |       0 |   0.0
        D:3 |     129 |       0 |   0.0 |      33 |       0 |   0.0
        D:4 |     150 |     258 |  63.2 |       3 |       2 |  40.0
            +---------+---------+-------+---------+---------+-------
